 Dungeon Crawl Stone Soup version 0.29.1-1-gd02db6906a (webtiles) character file.

Game seed: 5147389168013296200

136 QueenGhuleh the Chopper (level 5, -3/75 HPs)
             Began as a Naga Berserker on Sept 26, 2022.
             Was a Believer of Trog.
             Slain by an orc
             ... wielding a +0 trident
              (5 damage)
             ... on level 3 of the Dungeon.
             The game lasted 00:05:19 (2388 turns).

QueenGhuleh the Chopper (Naga Berserker)            Turns: 2388, Time: 00:05:20

Health: -3/75      AC:  5    Str: 21    XL:     5   Next: 19%
Magic:  5/5        EV:  8    Int:  8    God:    Trog [**....]
Gold:   198        SH:  0    Dex: 10    Spells: 4/4 levels left

rFire   . . .      SeeInvis +   q - +4 Maxwell's thermic engine {flame, freeze}
rCold   . . .      Faith    .   (no shield)
rNeg    . . .      Spirit   .   l - +0 scale mail
rPois   +          Reflect  .   (no helmet)
rElec   .          Harm     .   (no cloak)
rCorr   .          Rampage  .   (no gloves)
Will    .....                   (no barding)
Stlth   ..........              (no amulet)
HPRegen 0.22/turn               (no ring)
MPRegen 0.09/turn               (no ring)

@: berserking, quick
A: AC +1, large, see invisible, deformed body, poison resistance, slowness 2,
spit poison 1, naga tail 1
a: Spit Poison, Renounce Religion, Berserk, Trog's Hand


You were on level 3 of the Dungeon.
You worshipped Trog.
Trog was pleased with you.
You visited 1 branch of the dungeon, and saw 3 of its levels.

You collected 198 gold pieces.

Inventory:

Hand Weapons
 a - a +0 hand axe
 q - the +4 Maxwell's thermic engine (weapon) {flame, freeze}
   (You found it on level 3 of the Dungeon)

   It burns those it strikes, dealing additional fire damage.
   Big, fiery blades are also staple armaments of hydra-hunters.
   It freezes those it strikes, dealing additional cold damage.
   It can also slow down cold-blooded creatures.
   It becomes more effective when it hits something.
   This effect fades over time.
Armour
 l - a +0 scale mail (worn)
Scrolls
 b - a scroll of enchant armour {unknown}
 c - a scroll of noise {unknown}
 d - a scroll of fear {unknown}
 e - 5 scrolls of identify {unknown}
 f - 2 scrolls of poison {unknown}
 g - a scroll of summoning {unknown}
 h - 2 scrolls of blinking {unknown}
 o - a scroll of amnesia {unknown}
 p - a scroll of fog {unknown}
Potions
 i - a potion of haste {unknown}
 j - a potion of flight {unknown}
 k - 3 potions of curing {unknown}
 m - 2 potions of mutation {unknown}
 n - a potion of degeneration {unknown}


   Skills:
 + Level 3.7 Fighting
 + Level 0.4 Long Blades
 + Level 4.3 Axes
 + Level 2.3 Armour
 + Level 2.0 Dodging
 + Level 1.0 Stealth


You had 4 spell levels left.
You didn't know any spells.
Your spell library was empty.

Dungeon Overview and Level Annotations

Branches:
Dungeon (3/15)

Altars:


Innate Abilities, Weirdness & Mutations

Your serpentine skin is tough. (AC +1)
You have supernaturally acute eyesight. (SInv)
Armour fits poorly on your strangely shaped body.
Your system is resistant to poisons. (rPois)
You cover ground very slowly.
You can spit poison.
You have a snake-like lower body.


Message History

You hit the giant cockroach. You burn the giant cockroach.
You feel the power of Trog in you as your rage grows.
You kill the giant cockroach!
Trog accepts your kill. The howler monkey hits you.
The orc hits you from afar with a +0 trident.
The howler monkey hits you.
* * * LOW HITPOINT WARNING * * *
You slash the rat! You burn the rat.
You kill the rat!
Trog accepts your kill. The orc closely misses you.
The kobold hits you with a +0 short sword.
* * * LOW HITPOINT WARNING * * *
The howler monkey hoots and howls with incredible vigour!
You hear a shout! x2
You slice the kobold!! You burn the kobold.
You kill the kobold!
Trog accepts your kill. The orc hits you but does no damage.
The howler monkey hits you but does no damage.
Found a murky brown potion.
The howler monkey hoots and howls with incredible vigour!
The orc hits you from afar with a +0 trident!
* * * LOW HITPOINT WARNING * * *
You hear a shout! x2
Things that are here:
a +0 short sword; 2 stones You slash the howler monkey!
You burn the howler monkey.
You kill the howler monkey!
Trog accepts your kill.
The orc hits you from afar with a +0 trident.
* * * LOW HITPOINT WARNING * * *
You have reached level 5!
Found 18 gold pieces and a murky brown potion.
The orc barely misses you.
Found 15 gold pieces.
You feel a strong urge to attack something.
The orc hits you with a +0 trident.
You die...

#.. ..$ .# ##....# #..#.$#
!.# ##.....##.#..#.?##!.#
#......<#.#..#..![..# .
#.........##?#..... .#
#.......#..#.....###..#
#.........#......)..# .
##.....#.....@o....# #..
#........##....††###....
#........##.#..)........
#.......###.####....###.
....#......###.##..........
..####......##.#...........
.#####.##........######..##
..........#......# .##
..####.#####.....# #


You could see an orc.

Vanquished Creatures
  A howler monkey (D:3)
  4 adders
  A dart slug (D:1)
  6 endoplasms
  4 giant cockroaches
  6 goblins
  A hobgoblin (D:2)
  4 jackals (D:3)
  3 quokkas (D:2)
  5 ball pythons
  8 bats
  4 frilled lizards
  7 kobolds
  5 rats
59 creatures vanquished.

Notes
Turn   | Place    | Note
-------+----------+-------------------------------------------
     0 | D:1      | QueenGhuleh the Naga Berserker began the quest for the Orb.
     0 | D:1      | Reached XP level 1. HP: 21/21 MP: 1/1
   278 | D:1      | Reached XP level 2. HP: 28/28 MP: 2/2
   279 | D:1      | Found a faded altar of an unknown god.
   914 | D:1      | Reached XP level 3. HP: 26/34 MP: 3/3
  1455 | D:2      | Reached ** piety under Trog
  1711 | D:2      | Reached skill level 1 in Stealth
  2015 | D:2      | Reached XP level 4. HP: 27/42 MP: 4/4
  2306 | D:3      | Reached skill level 4 in Axes
  2347 | D:3      | Found the +2 Maxwell's thermic engine {flame, freeze}
  2386 | D:3      | HP: 1/64 [orc/+0 trident (5)]
  2387 | D:3      | Reached XP level 5. HP: 1/50 MP: 5/5
  2388 | D:3      | Slain by an orc

Illustrated notes

Levels and vault maps discovered:
D:1:      psy_arrival_dodecagon, layout_basic,
          nicolae_ecumenical_snake_handling, hex_intersection,
          nrook_mini_vaults, grunt_decor_arrowhead, minmay_unequal
D:2:      layout_rooms
D:3:      layout_rooms, corexii_shack, minmay_randomly_rotated_circles,
          uniq_ijyb

Skill      XL: |  1  2  3  4 |
---------------+-------------+-----
Stealth        | 1 |  1.0
Armour         | 2 |  2.3
Axes           | 4 |  4.3
Dodging        | 2 |  2.0
Fighting       | |  3.7
Long Blades    | |  0.4

Action                   |  1- 3 |  4- 6 || total
-------------------------+-------+-------++-------
Melee: Hand axe          |   133 |    34 ||   167
       Punch             |     1 |       ||     1
       Double sword      |       |     9 ||     9
Invok: Berserk           |       |     1 ||     1
 Stab: Sleeping          |     1 |       ||     1
Armor: Animal skin       |     5 |       ||     5
       Scale mail        |    59 |    27 ||    86
Dodge: Dodged            |    90 |    23 ||   113
